 Dungeon Crawl Stone Soup version 0.31-a0-210-gccc998df9b (webtiles) character file.

Game seed: 17456356173570464545

337 qw the Shooter (level 6, 0/52 HPs)
             Began as a Minotaur Hexslinger on June 29, 2023.
             Slain by an ogre
             ... wielding a +0 giant spiked club
              (26 damage)
             ... on level 4 of the Dungeon.
             The game lasted 00:01:19 (3176 turns).

qw the Shooter (Minotaur Hexslinger)                Turns: 3176, Time: 00:01:19

Health: 0/52       AC:  5    Str: 13    XL:     6   Next: 28%
Magic:  0/6        EV: 11    Int: 10    God:
Gold:   81         SH:  0    Dex: 14    Spells: 6/7 levels left

rFire   . . .        Y - +1 sling
rCold   . . .        (no shield)
rNeg    . . .        e - +0 ring mail
rPois   .            (helmet restricted)
rElec   .            (no cloak)
rCorr   .            (no gloves)
SInv    .            (no boots)
Will    .....        j - amulet of guardian spirit
Stlth   +            (no ring)
HPRegen 0.28/turn    (no ring)
MPRegen 0.10/turn

%: guardian spirit
@: no status effects
A: horns 2, retaliatory headbutt
a: no special abilities


You were on level 4 of the Dungeon.
You visited 1 branch of the dungeon, and saw 4 of its levels.

You collected 180 gold pieces.
You spent 99 gold pieces at shops.


Innate Abilities, Weirdness & Mutations

You have a pair of horns on your head.
You reflexively headbutt those who attack you in melee.


   Skills:
 - Level 4.2 Fighting
 + Level 6.1 Ranged Weapons
 - Level 1.3 Armour
 - Level 2.1 Dodging
 - Level 1.0 Spellcasting
 - Level 2.0 Hexes


You had 6 spell levels left.
You knew the following spells:

 Your Spells              Type           Power      Damage    Failure   Level
a - Slow                  Hex            16%        N/A       32%         1

Your spell library contained the following spells:

 Spells                   Type           Power      Damage    Failure   Level
 Inner Flame              Hex/Fire       2%         N/A       82%         3
 Portal Projectile        Hex/Tloc       4%         N/A       82%         3
 Cause Fear               Hex            2%         N/A       97%         4

Inventory:

Hand Weapons
 Y - a +1 sling (weapon)
Armour
 e - a +0 ring mail (worn)
Jewellery
 h - a ring of fire
 j - an amulet of guardian spirit (around neck)
Scrolls
 a - 7 scrolls of identify
 b - a scroll of immolation {unknown}
 f - 2 scrolls of teleportation
Potions
 d - a potion of mutation
 g - a potion of curing
 i - 2 potions of haste
 k - 2 potions of might

Dungeon Overview and Level Annotations

Branches:
Dungeon (4/15)
 Temple: D:4-7

Altars:

Shops:
D:3 ?(


Message History

You feel very sick. The scorpion completely misses you.
The scorpion barely misses you. You furiously retaliate!
You headbutt the scorpion. You shoot a sling bullet.
The sling bullet hits the scorpion.
You kill the scorpion!
You feel sick.
Your Fighting skill increases to level 4!
You start resting.
You feel sick. x6
You are no longer poisoned.
HP restored.
b - a scroll labelled JOAKHIF LEERO
Enter note:
Enter note:
Enter note:
Enter note: You open the door.
There is an open door here.
An ogre comes into view. It is wielding a +0 giant spiked club.
The ogre shouts!
Enter note:
Enter note:
Enter note:
Enter note: You shoot a sling bullet.
The sling bullet barely misses the ogre.
The ogre closely misses you.
You shoot a sling bullet. The sling bullet hits the ogre.
The ogre is lightly wounded.
The ogre hits you with a +0 giant spiked club!
You shoot a sling bullet. The sling bullet hits the ogre.
The ogre is moderately wounded.
The ogre hits you with a +0 giant spiked club!!
You shoot a sling bullet. The sling bullet hits the ogre.
The ogre is heavily wounded.
You shoot a sling bullet. The sling bullet hits the ogre.
The ogre is severely wounded.
The ogre hits you with a +0 giant spiked club!!
Ouch! That really hurt!
You die...

### #.# ..# #.# #.#
######## #.#####
#......# #.O...#
#......# #@# .......+
#####'#####
.......#####.........#
..........#..........#
..##....#.#..........#
..+..##.#.#.##########
..#.....#.#.#####
..............>.#
###.......#####.#


You could see an ogre.

Vanquished Creatures
  An ogre (D:3)
  A scorpion (D:4)
  4 gnolls (D:3)
  5 adders
  4 worms
  5 dart slugs
  2 orcs (D:3)
  12 ball pythons
  3 endoplasms
  5 giant cockroaches
  9 goblins
  8 hobgoblins
  7 jackals
  10 kobolds
  2 quokkas (D:2)
  11 bats
  4 frilled lizards
  4 rats
97 creatures vanquished.

Notes
Turn   | Place    | Note
-------+----------+-------------------------------------------
     0 | D:1      | qw the Minotaur Hexslinger began the quest for the Orb.
     0 | D:1      | Reached XP level 1. HP: 16/16 MP: 1/1
     0 | D:1      | 0 ||| qw: Version: 0.3-a-24-ga2abf7b
     0 | D:1      | 0 ||| qw: Game counter: 6926
     0 | D:1      | 0 ||| qw: Melee chars always use a shield: true
     0 | D:1      | 0 ||| qw: God list: Okawaru
     0 | D:1      | 0 ||| qw: Allow faded altars: false
     0 | D:1      | 0 ||| qw: Do Orc after clearing Dungeon:15 true
     0 | D:1      | 0 ||| qw: Do second Lair branch before Depths: true
     0 | D:1      | 0 ||| qw: Lair rune preference: random
     0 | D:1      | 0 ||| qw: Goals: Normal
     0 | D:1      | 0 ||| PLANNING D:1-11
   140 | D:1      | 140 ||| Stepping ~*~*~tactically~*~*~ (water).
   143 | D:1      | Reached skill level 3 in Ranged Weapons
   143 | D:1      | Reached XP level 2. HP: 23/23 MP: 2/2
   657 | D:1      | Reached XP level 3. HP: 29/29 MP: 3/3
  1245 | D:1      | 1245 ||| UPGRADING to amulet of guardian spirit.
  1250 | D:1      | 1250 ||| READING 2 scrolls labelled XITSOM IBRUE.
  1251 | D:1      | 1251 ||| READING scroll labelled WAAMOS PAIBIA.
  1252 | D:1      | 1252 ||| READING 2 scrolls labelled QOTZAN PUBINOJ.
  1301 | D:1      | 1301 ||| DRINKING 2 fuming brown potions.
  1302 | D:1      | 1302 ||| DROPPING scroll of poison.
  1303 | D:1      | 1303 ||| DROPPING scroll of torment.
  1313 | D:2      | Reached skill level 4 in Ranged Weapons
  1461 | D:2      | Reached XP level 4. HP: 36/36 MP: 4/4
  1786 | D:2      | Reached skill level 5 in Ranged Weapons
  1846 | D:2      | 1846 ||| UPGRADING to +0 leather armour.
  1856 | D:2      | 1856 ||| DROPPING +0 robe.
  1857 | D:2      | 1857 ||| UPGRADING to +0 ring mail.
  1867 | D:2      | 1867 ||| DROPPING +0 leather armour.
  1868 | D:2      | 1868 ||| DRINKING 2 pink potions.
  1869 | D:2      | 1869 ||| DRINKING 3 ruby potions.
  1870 | D:2      | 1870 ||| READING 3 scrolls of identify.
  1870 | D:2      | 1870 ||| IDENTIFYING cyan potion
  1871 | D:2      | 1871 ||| READING 2 scrolls of identify.
  1871 | D:2      | 1871 ||| IDENTIFYING grey potion
  1883 | D:3      | 1883 ||| PLANNING SEWER
  1912 | D:3      | Reached skill level 1 in Armour
  2068 | D:3      | Reached XP level 5. HP: 25/44 MP: 3/5
  2103 | D:3      | Noticed an ogre
  2104 | D:3      | 2104 ||| FLEEEEING.
  2108 | D:3      | 2108 ||| STAIRDANCE
  2159 | D:3      | Reached skill level 3 in Fighting
  2489 | D:3      | HP: 5/45 [ogre/+0 giant club (27)]
  2490 | D:3      | 2490 ||| DRINKING 2 potions of heal wounds.
  2494 | D:3      | 2494 ||| DRINKING potion of heal wounds.
  2499 | D:3      | Killed an ogre
  2500 | D:3      | Reached skill level 6 in Ranged Weapons
  2509 | D:3      | 2509 ||| RIP SEWER
  2531 | D:3      | 2531 ||| PLANNING D:1-11
  2591 | D:3      | Found Wiggosidd's Magic Scroll Shoppe.
  2596 | D:3      | 2596 ||| BUYING scroll of identify (22 gold).
  2596 | D:3      | Bought a scroll of identify for 22 gold pieces
  2596 | D:3      | 2596 ||| BUYING scroll of identify (22 gold).
  2596 | D:3      | Bought a scroll of identify for 22 gold pieces
  2596 | D:3      | 2596 ||| BUYING scroll of identify (22 gold).
  2596 | D:3      | Bought a scroll of identify for 22 gold pieces
  2596 | D:3      | 2596 ||| BUYING scroll of teleportation (33 gold).
  2596 | D:3      | Bought a scroll of teleportation for 33 gold pieces
  2728 | D:3      | Found Vonefan's Weapon Shop.
  2734 | D:3      | 2734 ||| SHOPLISTING +1 arbalest of Guilt {drain, rCorr
                  | Int+3} (416 gold, have 57).
  2798 | D:3      | 2798 ||| READING scroll labelled SATISH SIDAY.
  2799 | D:3      | 2799 ||| READING scroll labelled KOACUPLE FELU.
  2800 | D:3      | 2800 ||| READING 6 scrolls of identify.
  2800 | D:3      | 2800 ||| IDENTIFYING lumpy blue potion
  2802 | D:3      | 2802 ||| DROPPING potion of ambrosia.
  2824 | D:3      | Reached XP level 6. HP: 33/51 MP: 3/6
  3176 | D:4      | Slain by an ogre

Levels and vault maps discovered:
D:1:      sevenhm_arrival_forest_fort_large_3, layout_loops_corners,
          st_stairs_12, nicolae_hexahallways, serial_park_tiny_2, minivault_5,
          minivault_14, corexii_leaking_fountain, minmay_bisected
D:2:      layout_basic, minmay_pentomino_v4
D:3:      layout_loops_ring, serial_shops, shop, nicolae_shop_back_alley_shop,
          cheibrodos_sewer_entry_bend, st_stairs_9,
          amcnicky_mini_rare_corridor_liquid, chequers_serial_rivers_micro_a
D:4:      kennysheep_six_static_rooms, layout_basic,
          minmay_temple_entry_junction

Skill      XL: |  1  2  3  4  5  6 |
---------------+-------------------+-----
Ranged Weapons | 3 4 5 6 |  6.1
Fighting       | 2 3 4 |  4.2
Armour         | 1 |  1.3
Dodging        | |  2.1
Spellcasting   | |  1.0
Hexes          | |  2.0

Action                     |  1- 3 |  4- 6 || total
---------------------------+-------+-------++-------
   Fire: Sling             |   130 |   199 ||   329
    Use: Scroll            |     3 |     5 ||     8
         Potion            |     1 |     4 ||     5
 Armour: Robe              |     8 |     3 ||    11
         Ring mail         |       |    17 ||    17
  Dodge: Dodged            |    42 |    56 ||    98

Table legend:
 A = Non-vault XP
 B = Vault XP
 C = Vault XP percentage of total XP
 D = Non-vault monster count
 E = Vault monster count
 F = Vault count percentage of total count
                 A         B        C        D         E       F
            +---------+---------+-------+---------+---------+-------
      Total |     438 |      44 |   9.1 |      85 |      12 |  12.4
            +---------+---------+-------+---------+---------+-------
        D:1 |      53 |       6 |  10.2 |      29 |       4 |  12.1
        D:2 |      71 |       6 |   7.8 |      22 |       2 |   8.3
        D:3 |     217 |      32 |  12.9 |      24 |       6 |  20.0
        D:4 |      97 |       0 |   0.0 |      10 |       0 |   0.0
            +---------+---------+-------+---------+---------+-------
